 Dungeon Crawl Stone Soup version 0.20.1-1-g8b1a95d (webtiles) character file.

9895 KINGKRU the Carver (level 11, -4/97 HPs)
             Began as a Hill Orc Fighter on Nov 6, 2017.
             Was a Priest of Trog.
             Killed from afar by a raiju (23 damage)
             ... with a living lightning
             ... while paralysed
             ... on level 2 of the Abyss on Nov 7, 2017.
             The game lasted 01:06:00 (10291 turns).

KINGKRU the Carver (Hill Orc Fighter)              Turns: 10291, Time: 01:06:01

Health: -4/97      AC:  7    Str: 23    XL:     11   Next: 53%
Magic:  11/11      EV:  2    Int:  8    God:    Trog [***...]
Gold:   255        SH:  0    Dex: 10    Spells: 10/10 levels left

rFire    + . .     SeeInvis +   a - +2 long sword (freeze)
rCold    . . .     Gourm    .   c - +0 shield
rNeg     . . .     Faith    +   k - +1 ring mail {MR+}
rPois    +         Spirit   .   (no helmet)
rElec    .         Reflect  .   (no cloak)
rCorr    .         Harm     .   (no gloves)
MR       +....                  (no boots)
Stlth    +.........             j - amulet of faith
Regen    0.7/turn               h - ring of poison resistance
MPRegen  0.2/turn               i - ring of see invisible

@: paralysed, berserk cooldown, slowed
A: fire resistance 1, regeneration 1
a: Berserk, Trog's Hand, Burn Spellbooks, Renounce Religion


You were on level 2 of the Abyss.
You worshipped Trog.
Trog was most pleased with you.
You were not hungry.

You visited 3 branches of the dungeon, and saw 11 of its levels.
You visited the Abyss 1 time.

You collected 480 gold pieces.
You spent 225 gold pieces at shops.

Inventory:

Hand Weapons
 a - a +2 long sword of freezing (weapon)
 l - a +0 shortbow of freezing
Missiles
 m - 111 arrows (quivered)
Armour
 b - a +0 scale mail
 c - a +0 shield (worn)
 k - a +1 ring mail of magic resistance (worn)
Jewellery
 g - an uncursed ring of positive energy
 h - a ring of poison resistance (left hand)
 i - a ring of see invisible (right hand)
 j - an amulet of faith (around neck)
 n - an uncursed ring of magical power {unknown}
 r - an uncursed ring of flight
Wands
 o - a wand of paralysis (16/24)
 v - a wand of lightning (0/15)
 w - a wand of confusion (13/48)
 y - a wand of lightning (4/15)
 A - a wand of disintegration (1/24)
 B - a wand of polymorph (13/24)
Scrolls
 d - 3 scrolls of teleportation
 e - 10 scrolls of remove curse
 t - a scroll of recharging
 u - 3 scrolls of blinking
 x - 3 scrolls of identify
Potions
 f - a potion of agility
 s - a potion of haste
 z - 2 potions of flight
 C - 2 potions of curing
Comestibles
 p - 5 meat rations
 q - a royal jelly


   Skills:
 + Level 9.2 Fighting
 + Level 11.7 Long Blades
 + Level 8.6 Armour
 + Level 5.2 Dodging
 + Level 1.6 Stealth
 + Level 8.9 Shields
 + Level 0.8 Evocations


You had 10 spell levels left.
You didn't know any spells.

Dungeon Overview and Level Annotations

Branches:
Dungeon (8/15)             Temple (1/1) D:4            Lair (2/6) D:8
  Snake (0/4) Lair:2
  Swamp: Lair:2-4    Shoals: Lair:2-4

Altars:
Cheibriados
Dithmenos
Elyvilon
Gozag
Hepliaklqana
Kikubaaqudgha
Makhleb
Nemelex Xobeh
Okawaru
Qazlal
Sif Muna
Trog
Vehumet
Xom
Yredelemnul
Zin
The Shining One

Shops:
D:6 !

Annotations:
Lair:2 exclusion: oklob plant, Sonja


Innate Abilities, Weirdness & Mutations

Your flesh is heat resistant. (rF+)
Your natural rate of healing is unusually fast.


Message History

The living lightning hits the raiju.
The raiju completely resists.
The raiju blinks!
The raiju bursts into living lightning!
The living lightning misses the raiju.
The living lightning misses you.
The raiju blinks! x3; The raiju misses you.
You block the raiju's attack.
You are too berserk!
You feel a strong urge to attack something.
The raiju bursts into living lightning!
The living lightning hits you!
* * * LOW HITPOINT WARNING * * *
The raiju blinks!
You feel your anger subside.
The raiju bursts into living lightning!
The living lightning misses you.
The raiju blinks!
You are no longer berserk.
You pass out from exhaustion.
You feel yourself slow down.
The raiju bursts into living lightning!
The living lightning hits you!
You die...

# #..#.# ..
#..ยง...# ...
#h########.
#..........
#........## ## #
#.h......#. # .#
#...........#.# #
###.h#######.##.#
#..h@# #.#..
#..###.# #.. #.
#.. #.# #.##. #.
.. ..# # # #.. .
# # .## # # #..
.. #..# .# ##.
#.. .. # .. #. #
# # .. ... #


You could see 4 raiju.

Vanquished Creatures
  A naga warrior (Lair:2)
  A two-headed ogre (D:8)
  The ghost of Fisto the Skirmisher, a novice CeFi of Ru (D:7)
  4 spiny frogs (Lair:1)
  A kobold demonologist (D:8)
  2 komodo dragons (Lair:1)
  3 hippogriffs
  9 yaks
  Eustachio (D:4)
  A basilisk (Lair:1)
  A steam dragon (D:8)
  A hungry ghost (D:8)
  5 nagas (Lair:2)
  A water moccasin (Lair:2)
  3 porcupines (Lair:1)
  An ice beast (D:7)
  2 sky beasts
  A phantom (D:5)
  A necrophage (D:7)
  An ogre (D:8)
  3 centaurs
  The ghost of riftlatte the Shield-Bearer, an amateur GrFi of Nemelex Xobeh (D:4)
  4 crocodiles
  A big kobold (D:8)
  10 bullfrogs
  A scorpion (D:7)
  A wyvern skeleton (D:7)
  A centaur zombie (D:7)
  3 crimson imps
  3 bullfrog zombies
  A jelly (D:6)
  A bullfrog skeleton (D:7)
  An orc priest (D:7)
  2 hounds
  5 iguanas
  3 orc wizards
  Jessica (D:2)
  5 worker ants
  2 hound zombies (D:7)
  A hound skeleton (D:5)
  A howler monkey zombie (D:5)
  A worker ant zombie (D:6)
  3 gnolls
  A howler monkey skeleton (D:4)
  10 adders
  3 shadow imps
  An adder zombie (D:5)
  2 worms
  2 dart slugs
  2 leopard geckos
  24 orcs
  4 giant cockroaches
  4 goblins
  5 hobgoblins
  2 jackals (D:2)
  3 quokkas
  3 ball pythons
  3 bats
  4 frilled lizards
  A jackal zombie (D:5)
  9 kobolds
  A leopard gecko skeleton (D:4)
  A quokka zombie (D:6)
  4 rats
185 creatures vanquished.

Vanquished Creatures (others)
  A plant (Lair:1)
1 creature vanquished.

Grand Total: 186 creatures vanquished

Notes
Turn   | Place    | Note
-------+----------+-------------------------------------------
     0 | D:1      | KINGKRU the Hill Orc Fighter began the quest for the Orb.
     0 | D:1      | Reached XP level 1. HP: 19/19 MP: 1/1
    11 | D:1      | Reached XP level 2. HP: 18/27 MP: 2/2
   672 | D:1      | Reached XP level 3. HP: 33/33 MP: 3/3
  1558 | D:2      | Noticed Jessica
  1584 | D:2      | Killed Jessica
  1584 | D:2      | Reached XP level 4. HP: 37/41 MP: 4/4
  2038 | D:3      | Reached skill level 3 in Long Blades
  2063 | D:4      | HP: 2/41 [adder (3)]
  2356 | D:4      | Reached skill level 1 in Dodging
  2356 | D:4      | Reached XP level 5. HP: 12/47 MP: 5/5
  2684 | D:4      | Found an ancient bone altar of Kikubaaqudgha.
  2735 | D:4      | Noticed Eustachio
  2816 | D:4      | Killed Eustachio
  2816 | D:4      | Reached skill level 4 in Long Blades
  2816 | D:4      | Reached XP level 6. HP: 49/53 MP: 6/6
  3206 | D:4      | Found a white marble altar of Elyvilon.
  3210 | D:4      | Noticed riftlatte's ghost (amateur GrFi)
  3232 | D:4      | Killed riftlatte's ghost
  3232 | D:4      | Reached skill level 5 in Long Blades
  3232 | D:4      | Reached XP level 7. HP: 47/60 MP: 7/7
  3314 | D:4      | Became a worshipper of Elyvilon the Healer
  3693 | D:4      | Found a staircase to the Ecumenical Temple.
  3702 | Temple   | Entered the Ecumenical Temple
  3708 | Temple   | Fell from the grace of Elyvilon
  3708 | Temple   | Became a worshipper of Trog the Wrathful
  3932 | D:5      | Entered Level 5 of the Dungeon
  3976 | D:5      | Reached skill level 5 in Fighting
  3990 | D:5      | Found a stormy altar of Qazlal.
  4014 | D:5      | Reached skill level 6 in Long Blades
  4179 | D:5      | Reached * piety under Trog
  4233 | D:5      | Found a shimmering altar of Xom.
  4236 | D:5      | Reached skill level 5 in Shields
  4236 | D:5      | Reached XP level 8. HP: 61/69 MP: 8/8
  4329 | D:5      | Found a glowing golden altar of the Shining One.
  4670 | D:5      | Reached skill level 5 in Armour
  5015 | D:6      | Reached skill level 7 in Long Blades
  5032 | D:6      | Gained mutation: Your flesh is cold resistant. (rC+) [mutagenic meat]
  5033 | D:6      | Gained mutation: You are resistant to hostile enchantments. (MR+) [mutagenic meat]
  5034 | D:6      | Gained mutation: You are occasionally teleported next to monsters. [mutagenic meat]
  5035 | D:6      | Gained mutation: Your mind is acute. (Int +2) [mutagenic meat]
  5043 | D:6      | Noticed a hippogriff
  5610 | D:7      | Reached skill level 1 in Stealth
  5638 | D:7      | Noticed Fisto's ghost (novice CeFi)
  5893 | D:7      | Killed Fisto's ghost
  5893 | D:7      | Reached skill level 8 in Long Blades
  5893 | D:7      | Reached XP level 9. HP: 54/78 MP: 9/9
  6282 | D:8      | Noticed a two-headed ogre
  6289 | D:8      | Noticed a kobold demonologist
  6296 | D:8      | Killed a two-headed ogre
  6296 | D:8      | Reached skill level 9 in Long Blades
  6307 | D:8      | Killed a kobold demonologist
  6342 | D:8      | Reached ** piety under Trog
  6501 | D:7      | Reached XP level 10. HP: 86/86 MP: 10/10
  6628 | D:7      | Reached skill level 10 in Long Blades
  6789 | D:6      | Found an opulent altar of Gozag.
  6789 | D:6      | Found a snail-covered altar of Cheibriados.
  7000 | D:6      | Found Jity's Distillery.
  7018 | D:6      | Bought a potion of haste for 150 gold pieces
  7018 | D:6      | Bought a potion of heal wounds for 75 gold pieces
  7092 | D:6      | Found a sparkling altar of Nemelex Xobeh.
  7860 | D:7      | Lost mutation: You are resistant to hostile enchantments. (MR+) [potion of mutation]
  7860 | D:7      | Lost mutation: Your mind is acute. (Int +2) [potion of mutation]
  7860 | D:7      | Lost mutation: You are occasionally teleported next to monsters. [potion of mutation]
  7860 | D:7      | Gained mutation: Your natural rate of healing is unusually fast. [potion of mutation]
  7860 | D:7      | Lost mutation: Your flesh is cold resistant. (rC+) [potion of mutation]
  7860 | D:7      | Gained mutation: Your flesh is heat resistant. (rF+) [potion of mutation]
  8330 | D:8      | Found a staircase to the Lair.
  8342 | Lair:1   | Entered Level 1 of the Lair of Beasts
  8383 | Lair:1   | Reached *** piety under Trog
  8442 | Lair:1   | Noticed a spiny frog
  8453 | Lair:1   | Killed a spiny frog
  8670 | Lair:1   | Reached skill level 11 in Long Blades
  8771 | Lair:1   | Reached XP level 11. HP: 64/95 MP: 11/11
  9628 | Lair:2   | Reached skill level 5 in Dodging
  9677 | Lair:2   | Found a staircase to the Snake Pit.
  9734 | Lair:2   | Noticed a naga warrior
  9747 | Lair:2   | Killed a naga warrior
  9836 | Lair:2   | Noticed an oklob plant
  9866 | Lair:2   | Noticed Sonja
 10188 | Lair:2   | Cast into level 2 of the Abyss (Sonja)
 10291 | Abyss:2  | Killed from afar by a raiju

Skill      XL: |  1  2  3  4  5  6  7  8  9 10 11 |
---------------+----------------------------------+-----
Fighting       | 4 5 6 7 8 9 |  9.2
Armour         | 4 5 6 7 8 |  8.6
Long Blades    | 3 4 5 6 8 9 11 | 11.7
Dodging        | 1 2 3 4 5 |  5.2
Shields        | 4 5 7 8 |  8.9
Stealth        | 1 |  1.6
Evocations     | |  0.8

Action                   |  1- 3 |  4- 6 |  7- 9 | 10-12 || total
-------------------------+-------+-------+-------+-------++-------
Melee: Long sword        |    87 |   139 |   346 |   315 ||   887
Invok: Berserk           |       |       |     3 |     9 ||    12
       Burn Spellbooks   |       |       |       |     2 ||     2
Evoke: Wand              |       |       |       |     6 ||     6
  Use: Scroll            |     5 |     7 |     4 |     6 ||    22
       Potion            |       |     5 |     6 |     7 ||    18
  Eat: Bread ration      |     1 |     1 |     2 |     3 ||     7
       Fruit             |       |       |     7 |       ||     7
       Chunk             |       |       |     5 |     4 ||     9
       Royal jelly       |       |       |       |     1 ||     1
Armor: Scale mail        |    19 |       |       |       ||    19
       Ring mail         |    11 |    65 |   103 |    58 ||   237
Dodge: Dodged            |    32 |    50 |   117 |   110 ||   309
Block: Shield            |    40 |    79 |   157 |   210 ||   486
       Rpst.: Long sword |     9 |    20 |    38 |    29 ||    96
